 Dungeon Crawl Stone Soup version 0.19.5 (webtiles) character file.

15416 bermen3214 the Cleaver (level 12, -4/104 HPs)
             Began as a Minotaur Fighter on Apr 23, 2017.
             Was the Champion of Makhleb.
             Slain by an ice devil (8 damage)
             ... summoned by an orc high priest
             ... on level 2 of the Orcish Mines.
             The game lasted 01:01:07 (11891 turns).

bermen3214 the Cleaver (Minotaur Fighter)          Turns: 11891, Time: 01:01:09

Health: -4/104     AC: 20    Str: 29    XL:     12   Next: 1%
Magic:  12/12      EV:  9    Int:  9    God:    Makhleb [******]
Gold:   872        SH: 13    Dex: 10    Spells: 0 memorised, 11 levels left

rFire  . . .     SeeInvis .     a - +1 war axe
rCold  + . .     Gourm    .     p - +1 plate armour
rNeg   + . .     Faith    +     c - +0 shield
rPois  .         Spirit   .     (helmet restricted)
rElec  .         Reflect  .     R - +0 cloak
rCorr  .         Harm     .     X - +0 pair of gloves
MR     .....                    (no boots)
Stlth  ..........               C - amulet of faith
                                q - +3 ring of strength
                                s - ring of positive energy

@: no status effects
A: retaliatory headbutt, horns 2, icy blue scales 1, clever 2, cold resistance
1, sense surroundings 1, subdued magic 1
a: Minor Destruction, Lesser Servant of Makhleb, Major Destruction, Greater
Servant of Makhleb, Renounce Religion


You were on level 2 of the Orcish Mines.
You worshipped Makhleb.
Makhleb was exalted by your worship.
You were near starving.

You visited 2 branches of the dungeon, and saw 12 of its levels.
You also visited: Ossuary.

You collected 921 gold pieces.
You spent 49 gold pieces at shops.

Inventory:

Hand Weapons
 a - a +1 war axe (weapon)
 i - a +1 dagger of venom
 j - a cursed -2 whip
 t - a +3 quarterstaff of chaos
 D - a +0 flail of draining
 F - a +0 short sword
 N - a +1 great mace of holy wrath
 P - a +1 glaive of protection
 Y - a cursed -1 rapier
Missiles
 k - 5 steel javelins (quivered)
Armour
 b - a +0 scale mail
 c - a +0 shield (worn)
 p - a +1 plate armour (worn)
 O - the cursed +0 leather armour "Xeelosso" {*Drain +Blink Regen+, unknown}
   (You found it on level 6 of the Dungeon)

   It lets you blink.
   It increases your rate of regeneration.
   It causes draining when unequipped.
   It has a curse placed upon it.
 R - a +0 cloak (worn)
 X - a +0 pair of gloves (worn)
Jewellery
 q - a +3 ring of strength (right hand)
 s - a ring of positive energy (left hand)
 x - an uncursed ring of protection from fire
 C - an amulet of faith (around neck)
 U - an uncursed amulet of guardian spirit
 W - an uncursed ring of magical power
Wands
 g - a wand of polymorph (13/24)
 l - a wand of polymorph (1/24)
 r - a wand of enslavement (8/24)
 u - a wand of lightning (8/15)
 v - a wand of digging (13/24)
 y - a wand of flame (9/48)
 L - a wand of iceblast (5/15)
Scrolls
 n - 7 scrolls of remove curse
 z - 5 scrolls of identify
 B - 2 scrolls of recharging
 M - a scroll of amnesia
 Z - a scroll of enchant armour
Potions
 d - 3 potions of might
 e - 2 potions of brilliance
 h - 3 potions of magic
 m - 4 potions of degeneration
 o - 2 potions of curing
 w - a potion of berserk rage
 A - 4 potions of cure mutation
 E - 2 potions of cancellation {unknown}
 G - 4 potions of resistance {unknown}
 H - 2 potions of lignification {unknown}
 K - a potion of invisibility {unknown}
Books
 V - a book of Necromancy

   Spells                             Type                      Level
   a - Pain                           Necromancy                   1
   b - Animate Skeleton               Necromancy                   1
   c - Vampiric Draining              Necromancy                   3
   d - Regeneration                   Charms/Necromancy            3
   e - Animate Dead                   Necromancy                   4
   f - Control Undead                 Necromancy                   4
Comestibles
 f - 12 bread rations
 I - a royal jelly
 J - 3 fruits


   Skills:
 + Level 9.3 Fighting
 + Level 14.4 Axes
 + Level 0.2 Throwing
 + Level 10.4 Armour
 + Level 5.3 Dodging
 + Level 0.6 Stealth
 + Level 11.2 Shields
 + Level 2.0 Invocations
 + Level 0.5 Evocations


You had 11 spell levels left.
You didn't know any spells.

Dungeon Overview and Level Annotations

Branches:
Dungeon (10/15)            Temple (0/1) D:5            Lair (0/6) D:9
    Orc (2/2) D:10            Elf (0/3) Orc:2

Altars:
Dithmenos
Fedhas
Hepliaklqana
Kikubaaqudgha
Makhleb
Xom
Beogh

Shops:
D:7 *   D:10 [   Orc:2 !


Innate Abilities, Weirdness & Mutations

You reflexively headbutt those who attack you in melee.
You have a pair of horns on your head.
You are partially covered in icy blue scales. (AC +2)
Your mind is very acute. (Int +4)
Your flesh is cold resistant. (rC+)
You passively map a small area around you.
Your spells are a little easier to cast, but a little less powerful.


Message History

You block the orc high priest's attack.
The orc warrior hits you from afar with a glaive!
* * * LOW HITPOINT WARNING * * *
The orc knight roars a battlecry!
Things that are here:
an enchanted long sword; a runed plate armour The orc high priest utters an invocation to Beogh.
The orc high priest suddenly complains.
The orc high priest prays to Beogh.
The ynoxinul gestures.
The ynoxinul gestures.
An orc high priest comes into view. It is wielding a flail.
The orc high priest shouts!
An orc knight comes into view. It is wielding a halberd.
An orc priest comes into view.
The ynoxinul gestures.
The ice devil hits you.
* * * LOW HITPOINT WARNING * * *
The ice devil freezes you! You resist.
You die...

.................................
.................................
.................................
.................................
.................................
.................................
.................................
.....###########.###########.....
.....# ######@###### #.....
..#..# #......455o.### #>....
.....# ...####.####53o## #.....
.....# #o######..###..... .....#*
,,,#.#...###)5##..... .....#* *
#o#....o##.##..... .....#* , ,
#o#....o3#ยง##..... .....# ...,
#..o)##..... ...#.# , ,... ,
##oo###.....


You could see 2 orc knights, 2 orc high priests, an ice devil, a ynoxinul, an
orc priest and 3 ufetubi.

Vanquished Creatures
  Erolcha (D:10)
  Erica (D:10)
  A centaur warrior (D:10)
  An unseen horror (D:10)
  3 orc knights (Orc:2)
  Pikel (D:5)
  3 hill giants
  2 orc sorcerers (Orc:2)
  A cyclops (Orc:2)
  A gargoyle (D:10)
  Joseph (D:7)
  Psyche (D:9)
  Grinder (D:3)
  A hippogriff (D:7)
  Sigmund (D:3)
  A spriggan (D:7)
  A wyvern (D:9)
  A wraith (D:10)
  2 hungry ghosts (D:7)
  Duvessa (D:4)
  2 wargs (Orc:2)
  A water moccasin (D:7)
  2 hell hounds (D:9)
  4 ice beasts
  7 orc warriors
  2 sky beasts
  3 slaves (D:5)
  2 black bears
  A phantom (D:7)
  4 centaurs
  4 necrophages
  9 ogres
  A big kobold (D:9)
  4 bullfrogs
  An elf zombie (Ossuary)
  Blork the orc (D:5)
  2 scorpions
  A troll zombie (D:9)
  Dowan (D:4)
  2 howler monkeys
  A wight (D:8)
  5 crimson imps
  A bullfrog zombie (D:6)
  7 human zombies
  10 orc priests
  4 hounds
  A bullfrog skeleton (D:9)
  Crazy Yiuf (D:6)
  3 centaur skeletons
  A human skeleton (D:9)
  2 iguanas
  10 orc wizards
  Natasha (twice) (D:4)
  5 worker ants
  4 big kobold zombies (Ossuary)
  An ogre zombie (D:9)
  2 hound zombies
  A worker ant zombie (D:10)
  4 mummies
  7 gnolls (D:5)
  A howler monkey skeleton (D:9)
  16 adders
  A shadow imp (D:9)
  3 adder zombies
  2 oozes
  4 worms
  2 dart slugs
  14 leopard geckos
  48 orcs
  8 bats
  4 giant cockroaches
  7 goblins
  10 hobgoblins
  3 jackals (D:2)
  10 kobolds
  A quokka (D:6)
  2 ball pythons (D:5)
  5 frilled lizards
  2 goblin zombies (Ossuary)
  9 hobgoblin zombies (Ossuary)
  7 kobold zombies (Ossuary)
  A leopard gecko skeleton (D:5)
  An orc skeleton (D:9)
  9 orc zombies (Ossuary)
  A quokka skeleton (D:4)
  2 quokka zombies
  7 rats
  A rat zombie (D:5)
333 creatures vanquished.

Vanquished Creatures (others)
  A centaur (D:6)
  4 orcs (D:5)
5 creatures vanquished.

Grand Total: 338 creatures vanquished

Notes
Turn   | Place    | Note
-------+----------+-------------------------------------------
     0 | D:1      | bermen3214 the Minotaur Fighter began the quest for the Orb.
     0 | D:1      | Reached XP level 1. HP: 19/19 MP: 0/0
   297 | D:1      | Reached XP level 2. HP: 27/27 MP: 1/1
  1010 | D:2      | Reached skill level 3 in Axes
  1113 | D:2      | Reached XP level 3. HP: 10/33 MP: 2/2
  1850 | D:2      | Reached XP level 4. HP: 40/40 MP: 3/3
  2693 | D:3      | Noticed Grinder
  2756 | D:3      | Paralysed by Grinder for 6 turns
  2772 | D:3      | Paralysed by Grinder for 7 turns
  2788 | D:3      | Paralysed by Grinder for 3 turns
  2791 | D:3      | Killed Grinder
  2791 | D:3      | Reached skill level 4 in Axes
  2791 | D:3      | Reached skill level 5 in Shields
  2791 | D:3      | Reached XP level 5. HP: 8/47 MP: 4/4
  2791 | D:3      | Reached XP level 6. HP: 9/53 MP: 5/5
  3070 | D:3      | Found a shadowy altar of Dithmenos.
  3169 | D:3      | Found a burning altar of Makhleb.
  3178 | D:3      | Became a worshipper of Makhleb the Destroyer
  3344 | D:3      | Found a glowing drain.
  3357 | D:3      | Reached skill level 5 in Axes
  3494 | D:3      | Noticed Sigmund
  3508 | D:3      | Killed Sigmund
  3508 | D:3      | Reached skill level 5 in Armour
  3581 | D:3      | Reached XP level 7. HP: 57/60 MP: 6/6
  3931 | D:4      | Noticed Duvessa
  3932 | D:4      | Noticed Dowan
  3946 | D:4      | Killed Dowan
  3950 | D:4      | Killed Duvessa
  3950 | D:4      | Reached skill level 6 in Axes
  4261 | D:4      | Reached * piety under Makhleb
  4396 | D:4      | Noticed Natasha
  4401 | D:4      | Killed Natasha
  4402 | D:4      | Reached skill level 5 in Dodging
  4402 | D:4      | Reached XP level 8. HP: 67/67 MP: 7/7
  4847 | D:4      | Noticed Natasha
  4858 | D:4      | Killed Natasha
  5002 | D:5      | Entered Level 5 of the Dungeon
  5087 | D:5      | Reached skill level 7 in Axes
  5131 | D:5      | Noticed Pikel
  5158 | D:5      | Noticed Blork the orc
  5170 | D:5      | Killed Blork the orc
  5170 | D:5      | Reached skill level 5 in Fighting
  5176 | D:5      | Reached ** piety under Makhleb
  5413 | D:5      | Found a staircase to the Ecumenical Temple.
  5481 | D:5      | Found a sand-covered staircase.
  5499 | Ossuary  | Entered an ossuary
  5587 | Ossuary  | Reached skill level 8 in Axes
  5605 | Ossuary  | Reached *** piety under Makhleb
  6043 | D:5      | Killed Pikel
  6043 | D:5      | Reached skill level 9 in Axes
  6043 | D:5      | Reached XP level 9. HP: 70/75 MP: 8/8
  6380 | D:6      | Reached skill level 10 in Axes
  6405 | D:6      | Reached **** piety under Makhleb
  6606 | D:6      | Got a fine leather armour
  6677 | D:6      | Found a hazy altar of Hepliaklqana.
  6679 | D:6      | Found a shimmering altar of Xom.
  6680 | D:6      | Noticed a spectral ugly thing
  6855 | D:6      | Found a runed door.
  6982 | D:6      | You fall through a shaft for 3 floors!
  7482 | D:7      | Reached skill level 11 in Axes
  7502 | D:7      | Noticed Joseph
  7522 | D:7      | Killed Joseph
  7744 | D:7      | Reached XP level 10. HP: 84/84 MP: 9/9
  8071 | D:7      | Found Piogefeo's General Store.
  8085 | D:7      | Bought a potion of mutation for 27 gold pieces
  8085 | D:7      | Bought a scroll of identify for 22 gold pieces
  8129 | D:7      | Gained mutation: You passively map a small area around you. [potion of mutation]
  8129 | D:7      | Gained mutation: You are partially covered in icy blue scales. (AC +2) [potion of mutation]
  8129 | D:7      | Gained mutation: Your mind is acute. (Int +2) [potion of mutation]
  8200 | D:7      | Gained mutation: Your mind is very acute. (Int +4) [potion of mutation]
  8203 | D:7      | Gained mutation: Your flesh is cold resistant. (rC+) [potion of mutation]
  8203 | D:7      | Gained mutation: Your spells are a little easier to cast, but a little less powerful. [potion of mutation]
  8756 | D:6      | Noticed Crazy Yiuf
  8760 | D:6      | Killed Crazy Yiuf
  8942 | D:8      | Reached ***** piety under Makhleb
  9201 | D:8      | Found a blossoming altar of Fedhas.
  9574 | D:9      | Found a staircase to the Lair.
  9640 | D:9      | Noticed a hill giant
  9649 | D:9      | Killed a hill giant
  9649 | D:9      | Reached skill level 12 in Axes
  9649 | D:9      | Reached skill level 1 in Invocations
  9825 | D:9      | Found an ancient bone altar of Kikubaaqudgha.
 10142 | D:9      | Noticed Psyche
 10149 | D:9      | Killed Psyche
 10398 | D:10     | Entered Level 10 of the Dungeon
 10430 | D:10     | Noticed a centaur warrior
 10445 | D:10     | Killed a centaur warrior
 10445 | D:10     | Reached skill level 10 in Shields
 10445 | D:10     | Reached XP level 11. HP: 95/95 MP: 11/11
 10490 | D:10     | Noticed a hill giant
 10491 | D:10     | Noticed Erolcha
 10502 | D:10     | Killed an unseen horror
 10527 | D:10     | Killed a hill giant
 10534 | D:10     | Killed Erolcha
 10534 | D:10     | Reached skill level 13 in Axes
 10796 | D:10     | Noticed Erica
 10817 | D:10     | Killed Erica
 10859 | D:10     | Found a staircase to the Orcish Mines.
 10861 | D:10     | Found Eghud's Armour Shop.
 10889 | D:10     | Noticed a hill giant
 10903 | D:10     | Killed a hill giant
 10905 | D:10     | Reached skill level 10 in Armour
 11191 | Orc:1    | Entered Level 1 of the Orcish Mines
 11375 | Orc:2    | Entered Level 2 of the Orcish Mines
 11384 | Orc:2    | Found a roughly hewn altar of Beogh.
 11467 | Orc:2    | Reached ****** piety under Makhleb
 11638 | Orc:2    | Found a staircase to the Elven Halls.
 11711 | Orc:2    | Noticed an orc knight
 11732 | Orc:2    | Killed an orc knight
 11732 | Orc:2    | Reached skill level 14 in Axes
 11833 | Orc:2    | Noticed an orc sorcerer
 11833 | Orc:2    | Found Bashrept's Distillery.
 11834 | Orc:2    | Noticed an orc knight
 11834 | Orc:2    | Noticed an orc knight
 11835 | Orc:2    | Noticed an orc sorcerer
 11835 | Orc:2    | Noticed an orc high priest
 11842 | Orc:2    | Noticed an orc high priest
 11846 | Orc:2    | Killed an orc sorcerer
 11850 | Orc:2    | Noticed a sun demon
 11856 | Orc:2    | Killed an orc knight
 11867 | Orc:2    | Killed an orc knight
 11868 | Orc:2    | Noticed an orc knight
 11875 | Orc:2    | Killed an orc sorcerer
 11875 | Orc:2    | Reached XP level 12. HP: 41/104 MP: 12/12
 11880 | Orc:2    | HP: 4/104 [orc priest/divine providence (10)]
 11889 | Orc:2    | Noticed an orc high priest
 11891 | Orc:2    | HP: 4/104 [ice devil[an orc high priest] (2)]
 11891 | Orc:2    | Slain by an ice devil

Skill      XL: |  1  2  3  4  5  6  7  8  9 10 11 |
---------------+----------------------------------+-----
Shields        | 4 5 6 7 8 10 11 | 11.2
Axes           | 3 4 5 6 9 11 12 14 | 14.4
Fighting       | 4 5 6 8 9 |  9.3
Armour         | 4 5 6 7 9 10 | 10.4
Dodging        | 2 3 5 |  5.3
Invocations    | 2 |  2.0
Throwing       | |  0.2
Stealth        | |  0.6
Evocations     | |  0.5

Action                   |  1- 3 |  4- 6 |  7- 9 | 10-12 || total
-------------------------+-------+-------+-------+-------++-------
Melee: War axe           |    84 |   114 |   398 |   451 ||  1047
       Headbutt          |    14 |    14 |    83 |   109 ||   220
Throw: Javelin           |       |     2 |       |     1 ||     3
Invok: Minor Destruction |       |       |       |     9 ||     9
Evoke: Wand              |       |       |       |     1 ||     1
  Use: Scroll            |     4 |       |     5 |    12 ||    21
       Potion            |       |     1 |       |     7 ||     8
  Eat: Meat ration       |     1 |       |       |     1 ||     2
       Bread ration      |       |     1 |     3 |     1 ||     5
       Beef jerky        |       |     1 |     1 |     1 ||     3
       Chunk             |       |       |     1 |     1 ||     2
Armor: Scale mail        |    25 |       |       |       ||    25
       Plate armour      |    20 |    96 |   175 |   209 ||   500
Dodge: Dodged            |    23 |    31 |   111 |    90 ||   255
Block: Shield            |    58 |    95 |   232 |   262 ||   647
